 Dungeon Crawl Stone Soup version 0.28.0-47-ge53b351184 (webtiles) character file.

Game seed: 9635592484707751087

9581 RatsInWalls the Carver (level 11, -4/87 HPs)
             Began as a Human Cinder Acolyte on May 10, 2022.
             Was an Initiate of Ashenzari.
             Shot with an arrow by a centaur (12 damage)
             ... on level 11 of the Dungeon.
             The game lasted 00:28:20 (14437 turns).

RatsInWalls the Carver (Human Cinder Acolyte)      Turns: 14437, Time: 00:28:21

Health: -4/87      AC: 10    Str: 18    XL:     11   Next: 77%
Magic:  21/21      EV: 15    Int: 14    God:    Ashenzari [......]
Gold:   639        SH:  0    Dex: 14    Spells: 15/24 levels left

rFire   . . .      SeeInvis .   H - +5 scimitar
rCold   . . .      Faith    .   (no shield)
rNeg    + . .      Spirit   .   g - +4 robe "Qietram" {rF+ rN+ Int-2}
rPois   .          Reflect  .   f - +0 helmet
rElec   .          Harm     .   t - +1 cloak of Daffodils {Stlth+}
rCorr   .          Rampage  .   y - +0 pair of gloves
Will    .....                   (no boots)
Stlth   ++........              (no amulet)
HPRegen 0.24/turn               d - +6 ring of dexterity
MPRegen 0.17/turn               o - ring of wizardry

@: hasted and slowed, fire susceptible
A: no striking features
a: Renounce Religion


You were on level 11 of the Dungeon.
You worshipped Ashenzari.
Ashenzari was noncommittal.
You visited 3 branches of the dungeon, and saw 13 of its levels.

You collected 639 gold pieces.

Inventory:

Hand Weapons
 a - a -1 falchion of flaming
 H - a +5 scimitar (weapon)
Missiles
 c - 13 boomerangs
 l - 3 throwing nets
 B - 3 silver boomerangs
 M - 4 boomerangs of dispersal
Armour
 f - a +0 helmet (worn)
 g - the +4 robe "Qietram" (worn) {rF+ rN+ Int-2}
   (You found it on level 7 of the Dungeon)

   Int:       It affects your intelligence (-2).
   rF:        It protects you from fire.
   rN:        It protects you from negative energy.
 q - a +1 ring mail
 t - the +1 cloak of Daffodils (worn) {Stlth+}
   (You found it on level 4 of the Dungeon)

   Stlth:     It makes you more stealthy.
 y - a +0 pair of gloves (worn)
 K - a +0 buckler
Jewellery
 d - a +6 ring of dexterity (left hand)
 o - a ring of wizardry (right hand)
Wands
 b - a wand of flame (4)
 C - a wand of charming (3)
Scrolls
 j - a scroll of enchant weapon
 k - 3 scrolls of magic mapping
 m - 3 scrolls of immolation
 D - a scroll of brand weapon {unknown}
 E - a scroll of identify {unknown}
 J - a scroll of blinking {unknown}
Potions
 e - a potion of magic {unknown}
 i - 4 potions of lignification {unknown}
 n - 2 potions of brilliance {unknown}
 r - 4 potions of curing
 s - 2 potions of might {unknown}
 v - a potion of invisibility {unknown}
 w - 2 potions of mutation {unknown}
 z - 2 potions of ambrosia
 F - a potion of cancellation {unknown}
 G - a potion of attraction {unknown}
Miscellaneous
 I - a lightning rod (4/4)
 L - a phial of floods


   Skills:
 + Level 8.4 Fighting
 + Level 8.4 Long Blades
 - Level 4.1 Armour
 + Level 6.5 Dodging
 + Level 7.2 Spellcasting
 - Level 3.5 Fire Magic
 * Level 4.1 Ice Magic
 - Level 6.6 Evocations


You had 15 spell levels left.
You knew the following spells:

 Your Spells              Type           Power      Damage    Failure   Level
a - Scorch                Fire           28%        2d6       1%          2
b - Frozen Ramparts       Ice            32%        1d5       3%          3
c - Hailstorm             Conj/Ice       10%        3d5       24%         4

Your spell library contained the following spells:

 Spells                   Type           Power      Damage    Failure   Level
 Freeze                   Ice            64%        1d8       1%          1
 Animate Skeleton         Necr           10%        N/A       6%          1
 Beastly Appendage        Tmut           10%        N/A       6%          1
 Pain                     Necr           20%        1d5       6%          1
 Summon Small Mammal      Summ           20%        N/A       6%          1
 Wereblood                Tmut           5%         N/A       9%          2
 Call Canine Familiar     Summ           5%         N/A       16%         3
 Spider Form              Tmut/Pois      5%         N/A       16%         3
 Summon Guardian Golem    Hex/Summ       5%         N/A       16%         3
 Vampiric Draining        Necr           5%         2d6       16%         3
 Animate Armour           Summ/Erth      10%        N/A       45%         4
 Freezing Cloud           Conj/Ice/Air   4%         6-21      61%         5
 Blade Hands              Tmut           2%         N/A       80%         5
 Simulacrum               Ice/Necr       5%         N/A       97%         6
 Iron Shot                Conj/Erth      2%         9d2       100%        6
 Polar Vortex             Ice            8%         N/A       100%        9


Dungeon Overview and Level Annotations

Branches:
Dungeon (11/15)            Temple (1/1) D:7            Lair (1/6) D:11
    Orc: D:9-12

Altars:
Ashenzari
Cheibriados
Dithmenos
Elyvilon
Fedhas
Gozag
Hepliaklqana
Kikubaaqudgha
Makhleb
Nemelex Xobeh
Okawaru
Qazlal
Ru
Sif Muna
Trog
Uskayaw
Vehumet
Wu Jian
Xom
Yredelemnul
Zin
The Shining One


Message History

You feel better.
The vampire mosquito bites you but does no damage.
The vampire mosquito barely misses you. The vampire mosquito bites you.
The vampire mosquito closely misses you.
Aiming: Throw Flame
Press: ? - help, Shift-Dir - straight line, f/p - vampire mosquito
Aim: a vampire mosquito (severely damaged, 57% to hit)
The puff of flame hits the vampire mosquito!
You destroy the vampire mosquito!
The vampire mosquito completely misses you.
The vampire mosquito bites you.
* * * LOW HITPOINT WARNING * * *
The vampire mosquito draws strength from your injuries!
Aiming: Mindburst
Press: ? - help, Shift-Dir - straight line, f - vampire mosquito
Aim: a vampire mosquito (chance to affect: 85%)
The vampire mosquito's mind is blasted!!!
You blow up the vampire mosquito!
Unknown command.
A centaur comes into view.
The centaur wields a +0 shortbow.
The centaur shoots an arrow.
The arrow closely misses you.
There is an open door here.
You close the door.
Something unseen opens the door.
You sense a monster nearby.
The centaur shoots an arrow.
The arrow barely misses you.
You hear a shout!
You hear a shout!
The centaur shoots an arrow.
The arrow hits you!
* * * LOW HITPOINT WARNING * * *
The centaur shoots an arrow.
The arrow hits you!
* * * LOW HITPOINT WARNING * * *
You hear two shouts!
Aiming: Mindburst
Press: ? - help, Shift-Dir - straight line, f - centaur
Aim: a centaur, wielding a +0 shortbow and quivering arrows (chance to affect: 85%)
The centaur's mind is blasted!
The now-empty wand crumbles to dust.
The centaur shoots an arrow.
The arrow hits you!
You die...

# #####c#
#....)#
#.###......
###c#########
#......@<..#
#..........#
#..........#
#..........+
#..........#
#..........#
#..........#
#..........#
##'#########


You could see a centaur.

Vanquished Creatures
  Harold (D:8)
  4 two-headed ogres
  Psyche (D:10)
  A troll (D:10)
  2 hornets
  A shadow (D:10)
  A wyvern (D:10)
  A steam dragon (D:7)
  Grum (D:8)
  2 vampire mosquitoes (D:11)
  3 water moccasins
  4 orc warriors
  A hornet zombie (D:8)
  An ice beast (D:7)
  2 sky beasts
  2 black bears (D:6)
  An ogre (D:5)
  4 wolves (D:8)
  4 centaurs
  A phantom (D:5)
  2 kobold brigands
  3 bullfrogs
  A wyvern zombie (D:7)
  A scorpion (D:7)
  10 wights
  2 howler monkeys
  4 electric eels
  3 bullfrog zombies
  6 centaur zombies
  A centaur skeleton (D:7)
  4 orc priests
  6 hounds
  A jelly (D:8)
  2 gnoll shamans
  7 orc wizards
  A scorpion zombie (D:5)
  Terence (D:2)
  An iguana (D:6)
  Ijyb (D:3)
  5 gnolls (D:3)
  8 adders
  A shadow imp (D:8)
  An ufetubus (D:5)
  A worm (D:2)
  5 dart slugs
  18 orcs
  8 endoplasms
  2 giant cockroaches (D:3)
  8 goblins
  3 hobgoblins
  4 jackals (D:1)
  14 kobolds
  2 quokkas
  13 ball pythons
  5 bats
  4 frilled lizards
  6 rats
  A spectral orc (D:4)
  A butterfly (D:7)
205 creatures vanquished.

Vanquished Creatures (others)
  80 foxfires
  18 plants
98 creatures vanquished.

Grand Total: 303 creatures vanquished

Notes
Turn   | Place    | Note
-------+----------+-------------------------------------------
     0 | D:1      | RatsInWalls the Human Cinder Acolyte began the quest for
                  | the Orb.
     0 | D:1      | Reached XP level 1. HP: 18/18 MP: 2/2
   195 | D:1      | Reached XP level 2. HP: 13/24 MP: 3/3
   205 | D:1      | Learned a level 2 spell: Scorch
   822 | D:1      | Reached XP level 3. HP: 29/29 MP: 1/5
   922 | D:1      | Found a faded altar of an unknown god.
   937 | D:1      | Reached skill level 1 in Dodging
   937 | D:1      | Noticed a shining eye
   976 | D:1      | Noticed a shining eye
   976 | D:1      | Noticed an eye of devastation
   976 | D:1      | Noticed a great orb of eyes
  1472 | D:2      | Found a glowing golden altar of the Shining One.
  1588 | D:2      | Noticed Terence
  1608 | D:2      | Killed Terence
  1609 | D:2      | Reached XP level 4. HP: 17/35 MP: 1/6
  2334 | D:3      | Reached XP level 5. HP: 41/41 MP: 2/8
  3236 | D:3      | Noticed Ijyb
  3243 | D:3      | Killed Ijyb
  3244 | D:3      | Reached XP level 6. HP: 46/48 MP: 0/9
  3862 | D:4      | Found a basalt altar of Yredelemnul.
  3928 | D:4      | Found a broken altar of Ashenzari.
  4056 | D:4      | Found a transporter.
  4121 | D:4      | Identified the +1 cloak of Daffodils {Stlth+}
  4146 | D:4      | Found a transporter.
  4327 | D:4      | Found a large runed translucent door.
  4327 | D:4      | Found a large runed translucent door.
  4407 | D:4      | Reached skill level 1 in Evocations
  4577 | D:4      | Found a sacrificial altar of Ru.
  4590 | D:4      | Reached XP level 7. HP: 37/54 MP: 1/11
  4688 | D:4      | Found a shadowy altar of Dithmenos.
  5238 | D:5      | Entered Level 5 of the Dungeon
  5853 | D:5      | Reached XP level 8. HP: 61/61 MP: 10/13
  6293 | D:6      | Reached skill level 5 in Long Blades
  6304 | D:6      | Reached skill level 5 in Fighting
  6831 | D:6      | Noticed a two-headed ogre
  6965 | D:6      | Killed a two-headed ogre
  6966 | D:6      | Reached skill level 5 in Dodging
  6966 | D:6      | Reached XP level 9. HP: 69/69 MP: 10/16
  7098 | D:6      | Reached skill level 5 in Spellcasting
  7403 | D:7      | Noticed a hornet
  7408 | D:7      | Killed a hornet
  7709 | D:7      | Reached skill level 5 in Evocations
  7715 | D:7      | Reached XP level 10. HP: 77/77 MP: 1/18
  7846 | D:7      | Reached skill level 1 in Armour
  7993 | D:7      | Identified the +4 robe "Qietram" {rF+ rN+ Int-2}
  8061 | D:7      | Found a staircase to the Ecumenical Temple.
  9849 | D:8      | Noticed Harold
  9959 | D:8      | Noticed Grum
  9965 | D:8      | Killed Grum
 10904 | D:8      | Killed Harold
 11562 | D:9      | Noticed a two-headed ogre
 11570 | D:9      | Killed a two-headed ogre
 11571 | D:9      | Reached XP level 11. HP: 31/85 MP: 20/20
 12152 | D:9      | Learned a level 3 spell: Frozen Ramparts
 12509 | D:9      | Reached skill level 1 in Ice Magic
 12592 | D:10     | Entered Level 10 of the Dungeon
 12952 | D:10     | Found a stormy altar of Qazlal.
 12959 | D:10     | Noticed a two-headed ogre
 12967 | D:10     | Killed a two-headed ogre
 13081 | D:10     | Noticed Psyche
 13090 | D:10     | Killed Psyche
 13231 | D:10     | Found an ancient bone altar of Kikubaaqudgha.
 13273 | D:10     | Found a sparkling altar of Nemelex Xobeh.
 13303 | D:10     | Paralysed by a hornet for 1 turns
 13409 | D:10     | Found a snail-covered altar of Cheibriados.
 13539 | D:11     | Noticed a two-headed ogre
 13547 | D:11     | Killed a two-headed ogre
 13573 | D:11     | Learned a level 4 spell: Hailstorm
 13677 | Temple   | Entered the Ecumenical Temple
 13873 | D:4      | Fell from the grace of Ignis
 13873 | D:4      | Became a worshipper of Ashenzari the Shackled
 14229 | D:11     | Found a staircase to the Lair.
 14236 | Lair:1   | Entered Level 1 of the Lair of Beasts
 14437 | D:11     | Shot with an arrow by a centaur

Illustrated notes

Levels and vault maps discovered:
D:1:      onia_arrival_pentagram, layout_basic,
          hellmonk_ecumenical_altar_watching_god, roderic_lattice_a
D:2:      minmay_alternating_diamond, layout_rooms, basic_altar,
          lemuel_old_faithful, uniq_terence
D:3:      layout_loops_cross, portal_sewer_entry_d, nicolae_grassy_gnolls,
          uniq_ijyb
D:4:      gammafunk_steamed_eel, layout_gridville, cheibrodos_ashenzari_chains,
          jmf_multi_god_temple2, yredelemnul_forgotten_temple_becter
D:5:      layout_basic
D:6:      layout_cave_pools, lightli_minifort
D:7:      layout_basic, minmay_temple_entry_butterflies
D:8:      layout_basic, uniq_harold, uniq_grum
D:9:      layout_basic
D:10:     layout_rooms, kennysheep_slug_shrine, mainiacjoe_overflow_swirl,
          mainiacjoe_overflow_tiny_flanked, serial_bayou_pond_d, uniq_psyche
D:11:     layout_roguey, lair_entry_dummy, nrook_guardian_serpent_ordinary
Temple:   jpeg_temple_clearing
Lair:1:   layout_roguey [special_room_bee], serial_bayou_shore_b

Skill      XL: |  1  2  3  4  5  6  7  8  9 10 11 |
---------------+----------------------------------+-----
Dodging        | 1 2 3 5 6 |  6.5
Spellcasting   | 2 3 4 5 6 7 |  7.2
Long Blades    | 4 6 7 8 |  8.4
Fighting       | 4 5 6 7 8 |  8.4
Evocations     | 1 2 4 5 6 |  6.6
Armour         | 4 |  4.1
Ice Magic      | 4 |  4.1
Fire Magic     | |  3.5

Action                   |  1- 3 |  4- 6 |  7- 9 | 10-12 || total
-------------------------+-------+-------+-------+-------++-------
Melee: Falchion          |    54 |    33 |       |       ||    87
       Punch             |     1 |       |       |       ||     1
       Long sword        |       |     7 |    15 |       ||    22
       Scimitar          |       |       |     1 |    74 ||    75
Throw: Boomerang         |       |       |       |     3 ||     3
 Cast: Scorch            |    23 |    57 |   103 |   194 ||   377
       Frozen Ramparts   |       |       |       |     1 ||     1
Invok: Fiery Armour      |     1 |       |       |     2 ||     3
       Foxfire Swarm     |       |       |     3 |     2 ||     5
Evoke: Wand              |       |     6 |    13 |    21 ||    40
  Use: Scroll            |       |       |       |     9 ||     9
       Potion            |       |       |       |     6 ||     6
Armor: Robe              |    11 |       |       |    25 ||    36
       Leather armour    |     4 |     5 |    18 |       ||    27
       Ring mail         |       |       |       |    38 ||    38
       Skin              |       |       |       |     4 ||     4
Dodge: Dodged            |    50 |    33 |    39 |   140 ||   262
